Cogmind - Beta 16 @@@ ROGUE MODE // 2025.11.24 @ 19:43:24 Player: Maxfecteau Result: Destroyed by FR-Z86(R) with Subdweller Machine Gun Performance ------------- Evolutions (0) 0 Regions Visited (2) 400 Robots Destroyed (20) 100 Value Destroyed (278) 278 Prototype IDs (0) 0 Alien Tech Used (0) 0 Bonus (0) 0 TOTAL SCORE: 778 Bonus ------- None Cogmind --------- Core Integrity 0/250 Matter 300/300 Energy 100/100 System Corruption 0% Temperature Cool (0) Movement Core (50) Location -10/Subcaves Parts ------- > --- POWER (1) -------- (None) > --- PROPULSION (2) --- (None) > --- UTILITY (2) ------ (None) > --- WEAPON (2) ------- (None) > --- INVENTORY (5) ---- Light Ion Engine Small Storage Unit Grenade Launcher Datajack Peak State ------------ > --- POWER ------------ Ion Engine > --- PROPULSION ------- Light Treads Light Treads > --- UTILITY ---------- Small Storage Unit Seismic Detector > --- WEAPON ----------- Assault Rifle Assault Rifle > --- INVENTORY -------- Light Ion Engine Improved Terrain Scanner Transport Network Coupler EM Pulse Gun Light Assault Rifle Light Assault Rifle Grenade Launcher Grenade Launcher [Rating: 8] Favorites ----------- Power Ion Engine Engine Ion Engine Propulsion Light Treads Treads Light Treads Utility Seismic Detector Device Seismic Detector Storage Small Storage Unit Weapon Light Assault Rifle Ballistic Gun Light Assault Rifle Build | -11 -10 -10 ------- Run | Yrd Mat Sub Slots Evolved . | . . . Power . | . . . Propulsion . | . . . Utility . | . . . Weapon . | . . . Parts Attached 18 | 8 9 1 Power 4 | 2 2 . Engine 4 | 2 2 . Core . | . . . Reactor . | . . . Propulsion 3 | 2 1 . Treads 3 | 2 1 . Leg . | . . . Wheel . | . . . Hover . | . . . Flight . | . . . Utility 6 | 2 3 1 Device 3 | 1 1 1 Storage 3 | 1 2 . Processor . | . . . Hackware . | . . . Protection . | . . . Artifact . | . . . Weapon 5 | 2 3 . Energy Gun . | . . . Energy Cannon . | . . . Ballistic Gun 5 | 2 3 . Ballistic Cannon . | . . . Launcher . | . . . Special Weapon . | . . . Impact Weapon . | . . . Slashing Weapon . | . . . Piercing Weapon . | . . . Special Melee Weapon . | . . . Unidentified Prototypes . | . . . Parts Lost 9 | . 2 7 Power 2 | . 1 1 Propulsion 3 | . . 3 Utility 2 | . 1 1 Weapon 2 | . . 2 Highest Loss Streak 7 | . 1 7 To Critical Strikes . | . . . Average Backups 7 | 1 7 9 Power . | . 1 1 Propulsion . | . . . Utility 2 | . 2 3 Weapon 2 | . 2 3 Tool/Special . | . . . Unused Backups 9 | . 3 6 Power . | . . . Propulsion . | . . . Utility 4 | . 2 2 Weapon 4 | . 1 3 Tool/Special 1 | . . 1 Average Slot Usage (%) 95 | . 97 89 Engine 13 | . 13 12 Treads 27 | . 28 25 Device 12 | . 12 12 Storage 13 | . 14 13 Ballistic Gun 27 | . 28 24 Peak Build Rating 8 | 7 8 8 Average Rating 7 | 6 7 7 On Entrance 5 | . 7 8 Avg Prop Armor Cover (%) . | . . . Naked Turns 3 | . . 3 Heaviest Build 26 | 15 26 26 Greatest Support 40 | 40 40 40 Greatest Overweight (x) 1 | . . 1 Average Overweight (x) . | . . . Largest Inventory Capacity 15 | 8 15 15 Average Capacity 10 | 7 9 14 Most Carried 12 | 4 10 12 Average Carried 7 | 1 7 10 Final Capacity 15 | 8 15 5 Final Carried 9 | 4 9 4 Class Distribution -------------------- 59% | Scavenger-Mutant 40% | Mutant Dominant Class ---------------- Scavenger-Mutant | -10/Materials Scavenger-Mutant | -10/Subcaves Resources | -11 -10 -10 ----------- Run | Yrd Mat Sub Matter Collected 608 | 243 361 4 Remotely . | . . . Salvage Created 547 | 79 468 . Parts 45 | 9 36 . Haulers Intercepted 1 | . 1 . Recyclers Shooed 1 | . 1 . Parts Field Recycled . | . . . Retrieved Matter . | . . . Parts Self-Destructed . | . . . Prevented . | . . . Parts Restored . | . . . Kills | -11 -10 -10 ------- Run | Yrd Mat Sub Combat Hostiles Destroyed 13 | . 13 . Guns 13 | . 13 . Classes Destroyed 6 | 1 5 . Tunneler 4 | 4 . . Hauler 1 | . 1 . Recycler 1 | . 1 . Operator 1 | . 1 . Swarmer 9 | . 9 . Grunt 4 | . 4 . Best Kill Streak 6 | 2 6 . Combat Bots Only 6 | . 6 . Max Kills in Single Turn 1 | 1 1 . Gunslinging . | . . . Exploded . | . . . Melee . | . . . Uniques/NPCs Destroyed . | . . . Combat | -11 -10 -10 -------- Run | Yrd Mat Sub Hostile Shots Fired 134 | . 89 45 Missed 36 | . 22 14 Hits 98 | . 67 31 Projectile 98 | . 67 31 Critical Strikes 3 | . . 3 Damage Taken 1260 | . 586 674 Core 270 | . 46 224 Absorbed by Shields . | . . . Core Remaining (%) 100 | 100 . . Volleys Fired 56 | 7 48 1 Largest 2 | 2 2 2 Hottest 40 | 40 40 40 Shots Fired 112 | 14 96 2 Gun 112 | 14 96 2 Cannon . | . . . Launcher . | . . . Special . | . . . Kinetic 112 | 14 96 2 Thermal . | . . . Explosive . | . . . Electromagnetic . | . . . Robot Hit Streak 7 | 3 7 5 Robot Miss Streak 5 | 5 3 . Penetration Max . | . . . Secondary Targets 2 | . 2 . Max Gunslinging Chain 1 | . 1 . Shots Hit Robots 70 | 5 63 2 Core Hits 33 | 4 29 . Critical Kills . | . . . Critical Parts Destroyed . | . . . Critical Strikes . | . . . Melee Attacks . | . . . Impact . | . . . Slashing . | . . . Piercing . | . . . Sneak Attacks . | . . . Combat Hostiles . | . . . Follow-up Attacks . | . . . Damage Inflicted 743 | 65 665 13 Guns 743 | 65 665 13 Cannons . | . . . Explosions . | . . . Melee . | . . . Ramming . | . . . Kinetic 743 | 65 665 13 Thermal . | . . . Explosive . | . . . Electromagnetic . | . . . Impact . | . . . Slashing . | . . . Piercing . | . . . Highest Corruption . | . . . Average Corruption . | . . . Corruption Purged . | . . . Corruption Blocked . | . . . Overload Shots . | . . . Overflow Damage . | . . . Projectiles . | . . . Explosions . | . . . Melee . | . . . Knockbacks . | . . . Impact . | . . . Kinetic . | . . . Secondary . | . . . Self-Inflicted Damage . | . . . Shots . | . . . Rammed . | . . . Targets Rammed . | . . . Kicked . | . . . Crushed . | . . . Highest Temperature 12 | . 12 . Average Temperature 7 | . 7 . Received Heat Transfer 156 | . 84 72 Siege Activations . | . . . Martial Activations . | . . . Shielding Activations . | . . . Robots Disrupted . | . . . Combat Hostiles . | . . . Robots Corrupted . | . . . Combat Hostiles . | . . . Parts Fried . | . . . Impact Corruptions . | . . . Robots Melted . | . . . Combat Hostiles . | . . . Parts Melted . | . . . Heat Transferred . | . . . Parts Sabotaged . | . . . Parts Stolen . | . . . Parts Stripped . | . . . Power Chain Reactions . | . . . Alert | -11 -10 -10 ------- Run | Yrd Mat Sub Maximum Alert Level . | . . . Low Security (%) 100 | 100 100 . Level 1 . | . . . Level 2 . | . . . Level 3 . | . . . Level 4 . | . . . Level 5 . | . . . High Security . | . . . Max Security . | . . . Peak Influence 133 | 10 133 . Initial . | . . . Average 22 | 1 26 . Influence Increases 414 | 20 394 . Destroy 0b10 Robot/C 260 | . 260 . Destroy 0b10 Robot/NC 35 | 20 15 . Destroy Leader 62 | . 62 . Successful Hack 11 | . 11 . Destroy Structure 1 | . 1 . Lose Combat Pursuer 45 | . 45 . Influence Decreases 414 | 20 394 . Time Decay 276 | 20 256 . Purge Threat 138 | . 138 . Squads Dispatched 3 | . 3 . Investigation 1 | . 1 . Extermination . | . . . Reinforcement 2 | . 2 . Assault . | . . . Garrison . | . . . Intercept . | . . . Searches Triggered . | . . . Construction Impeded . | . . . Haulers Reinforced . | . . . Active Scanning Responses . | . . . Cargo Convoy Interrupts . | . . . Stealth | -11 -10 -10 --------- Run | Yrd Mat Sub Distress Signals 2 | . 2 . Communications Jammed . | . . . Distress Signals . | . . . Times Spotted 35 | . 24 11 Peak Tracking Total 9 | . 4 9 Tactical Retreats 2 | . 2 . Traps | -11 -10 -10 ------- Run | Yrd Mat Sub Traps Triggered . | . . . Indirectly . | . . . Trap Hack Attempts . | . . . Triggered . | . . . Disarmed . | . . . Reprogrammed . | . . . Reused . | . . . Traps Extracted . | . . . Installed . | . . . Triggered . | . . . Machines | -11 -10 -10 ---------- Run | Yrd Mat Sub Machines Disabled . | . . . Max in Single Turn . | . . . Machines Repaired . | . . . Machines Dismantled . | . . . Machines Sabotaged . | . . . Overloaded Fab Kills . | . . . Hacking | -11 -10 -10 --------- Run | Yrd Mat Sub Machines Accessed 5 | . 5 . Terminals 4 | . 4 . Fabricators . | . . . Repair Stations . | . . . Recycling Units 1 | . 1 . Scanalyzers . | . . . Garrison Access . | . . . Total Hacks 16 | . 16 . Successful 6 | . 6 . Failed 9 | . 9 . Catastrophic . | . . . Database Lockouts 1 | . 1 . Manual 10 | . 10 . Terminals 15 | . 15 . Fabricators . | . . . Repair Stations . | . . . Recycling Units 1 | . 1 . Scanalyzers . | . . . Garrison Access . | . . . Terminal Hacks 5 | . 5 . Robot Analysis 2 | . 2 . Unreport Threat 2 | . 2 . Hauler Manifests 1 | . 1 . Fabricator Hacks . | . . . Repair Station Hacks . | . . . Recycling Unit Hacks 1 | . 1 . Retrieve Components 1 | . 1 . Scanalyzer . | . . . Garrison Access Hacks . | . . . Unauthorized Hacks . | . . . Terminals . | . . . Fabricators . | . . . Repair Stations . | . . . Recycling Units . | . . . Scanalyzers . | . . . Garrison Access . | . . . Data Cores Recovered . | . . . Used . | . . . Hacking Detections 4 | . 4 . Full Trace Events 2 | . 2 . Feedback Events . | . . . Feedback Blocked . | . . . Robot Schematics Acquired . | . . . Robots Built . | . . . Authchips . | . . . Time . | . . . Total Robot Build Rating . | . . . Part Schematics Acquired . | . . . Parts Built . | . . . Authchips . | . . . Time . | . . . Total Part Build Rating . | . . . Part Studies Acquired . | . . . Parts Repaired . | . . . Time . | . . . Parts Recycled . | . . . Recycled Matter . | . . . Retrieved Matter . | . . . Retrieved Components 10 | . 10 . Parts Scanalyzed . | . . . Part Schematics Acquired . | . . . Parts Damaged . | . . . Bothacking | -11 -10 -10 ------------ Run | Yrd Mat Sub Used RIF Installer . | . . . Robots Hacked . | . . . Non-combat . | . . . Combat . | . . . Robot Hacks Applied . | . . . Relay Couplers Released . | . . . Fabnet Peak Effective % . | . . . Robots Rewired . | . . . Allies Hacked . | . . . Hacks Repelled . | . . . Allies | -11 -10 -10 -------- Run | Yrd Mat Sub Total Allies . | . . . Largest Group . | . . . Highest-Rated Group . | . . . Highest-Rated Ally . | . . . Total Orders . | . . . Ally Attacks . | . . . Total Damage . | . . . Kills . | . . . Allies Corrupted . | . . . Allies Melted . | . . . Intel | -11 -10 -10 ------- Run | Yrd Mat Sub Active Infowar (turns) 1065 | 104 767 194 Seismic 1064 | 104 767 193 ECM 1 | . . 1 Robot Analysis Total 2 | . 2 . Derelict Logs Recovered . | . . . Drone Launches . | . . . Drone Recoveries . | . . . Exploration | -11 -10 -10 ------------- Run | Yrd Mat Sub Turns Passed 1249 | 141 885 223 Spaces Moved 589 | 70 390 129 Core 7 | 5 . 2 Treads 582 | 65 390 127 Legs . | . . . Wheels . | . . . Hover . | . . . Flight . | . . . Fastest Speed 50 | 50 160 50 Average Speed 159 | 152 160 161 Slowest Speed 240 | 160 160 240 Overloaded Moves . | . . . Propulsion Burnouts . | . . . Robots Hopped . | . . . Potential Cave-ins . | . . . Cave-ins Triggered . | . . . Exploration Rate (%) 26 | 4 68 7 Regions Visited 2 Branch Regions 1 Pre-discovered Areas 1 | . . 1 Known Exits Taken . | . . . Unknown Exits Taken 2 | 1 1 . Scrap Searched . | . . . Spaces Dug . | . . . Terrain Destroyed . | . . . Melee . | . . . Projectile . | . . . AOE . | . . . Terrain Rammed . | . . . Walls Destroyed . | . . . Machines Disabled . | . . . Actions | -11 -10 -10 --------- Run | Yrd Mat Sub Total 795 | 87 565 143 Wait 104 | . 99 5 Move 587 | 69 389 129 Hop . | . . . Pick Up 16 | 3 11 2 Fast Attach 8 | 7 1 . Attach 3 | . 1 2 Detach 1 | . . 1 Swap 9 | 1 7 1 Drop 11 | . 9 2 Fire 56 | 7 48 1 Melee . | . . . Ram . | . . . Kick . | . . . Crush . | . . . Escape Stasis . | . . . Rewire . | . . . Trap . | . . . Miscellaneous . | . . . Route ------- -11/Scrapyard -10/Materials (discovered 5 exits: [*Mat x2] / [*Min x2] / [*Sub]) -10/Subcaves History --------- Turn | Location | Event 7 | -11/Scrapyard | Discovered new exit (range 16) 142 | -11/Scrapyard | Entered Materials 252 | -10/Materials | Discovered new exit (range 11) 314 | -10/Materials | Build established: Mutant 541 | -10/Materials | Discovered new exit (range 13) 787 | -10/Materials | Discovered new exit (range 3) 801 | -10/Materials | Build established: Scavenger-Mutant 866 | -10/Materials | Discovered new exit (range 9) 876 | -10/Materials | Central database locked down 1000 | -10/Materials | Discovered new exit (range 5) 1027 | -10/Materials | Entered Subcaves 1028 | -10/Subcaves | Approached by a straggling Scientist 1151 | -10/Subcaves | Learned location of Zion (-6) 1151 | -10/Subcaves | Met a Zionite searching for "candidates" 1213 | -10/Subcaves | Ambushed by swarm of Subdwellers 1216 | -10/Subcaves | Ambushed by Subdwellers from Twisted Machinery 1216 | -10/Subcaves | Ambushed by Subdwellers from Twisted Machinery 1216 | -10/Subcaves | Ambushed by Subdwellers from Twisted Machinery 1232 | -10/Subcaves | Core integrity fell below 50% 1249 | -10/Subcaves | Core integrity fell below 20% 1250 | -10/Subcaves | Destroyed by FR-Z86(R) with Subdweller Machine Gun Last Messages --------------- 01228_ TT-UCB(R) suffers critical hit (Destroy). 01228_ OQ-0Y2(R) destroyed. 01229_ Lgt. Assault Rifle destroyed. 01230_ HV Slug penetrates TT-UCB(R). 01230_ TT-UCB(R) suffers critical hit (Destroy). 01233_ HJ-FL5(R) affixes Scrap Shield Fragment to Scrap Shield. 01233_ HV Slug penetrates TT-UCB(R). 01233_ TT-UCB(R) suffers critical hit (Destroy). 01233_ TT-UCB(R) destroyed. 01236_ AO-UM1(R) suffers critical hit (Destroy). 01236_ AO-UM1(R) destroyed. 01238_ BZ-506(h) suffers critical hit (Destroy). 01238_ BZ-506(h) destroyed. 01244_ Acquired 1 matter. 01245_ 03-CM9(R) affixes Scrap Shield Fragment to Scrap Shield. 01246_ Lgt. Treads destroyed. 01247_ Subatomizers dissect the Carbon-fiber Leg. 01247_ Dropped Lrg. Storage Unit. 01248_ Dropped Scrap Shield. 01249_ Acquired Grenade Launcher. Map ----- +----------------------------------------------------+ | ?????????????????????????????????????????????????? | | ?????????????????????????????????????????????????? | | ?????????????????????????????????????????????????? | | ?????????????????????????????????????????????????? | | ???????????????????????#?????????????????????????? | | ??????????????????##### ???????????????????????? | | ?????????????????## ??????????????????????? | | ?????????????????# ????? ? ???????????????? | | ?????????????????# ?????? #???????????????? | | ?##??????????????# ????? ##??????????????? | | # #?????????????## ?????? ##?????????????? | | #???????####### ??????? #?????????????? | | ##??????## #??##### #??????????????? | | ######??# ##?# #???????????????? | | # # ##?# ### #####???????????? | | ### ##??????????? | | #??????????? | | ## ## % #???????????? | | ####### ## ##; ####????????????? | | ??????## ##### #;; ;; ###???????????????? | | ######## #### ;; =;# ##?????????????????? | | # ## ## ##;!=%[;#?#?#######??????????? | | ###;%*%[!##### #??????????? | | #?##[=*%! #??????????? | | ######### ## ##??# !!! #??????????? | | ????????###########???# @] R ##??????????? | | ??????????????????????# R #???????????? | | ??????????????????????# &&&& ##???????????? | | ??????????????????????# !R&!&& ##????????????? | | ??????????????????????# &R%%]%=#?????????????? | | ??????????????????????# ####"&[&![####??????????? | | ??????????????????????###???#""%&&% #??????????? | | ????????????????????????????###&!= #??????????? | | ??????????????????????????????# ##??????????? | | ??????????????????????????????########???????????? | | ?????????????????????????????????????????????????? | | ?????????????????????????????????????????????????? | | ?????????????????????????????????????????????????? | | ?????????????????????????????????????????????????? | | ?????????????????????????????????????????????????? | | ?????????????????????????????????????????????????? | | ?????????????????????????????????????????????????? | | ?????????????????????????????????????????????????? | | ?????????????????????????????????????????????????? | | ?????????????????????????????????????????????????? | | ?????????????????????????????????????????????????? | | ?????????????????????????????????????????????????? | | ?????????????????????????????????????????????????? | | ?????????????????????????????????????????????????? | | ?????????????????????????????????????????????????? | +----------------------------------------------------+ Best States ------------- Heat Dissipation 25 Energy Generation 10 Energy Capacity 250 Matter Stores 300 Matter Capacity 300 Sight Range 16 Terrain Scan Density 10 Evasion (%) 50 Recoil Reduction 2 Item Schematics ----------------- None Robot Schematics ------------------ None Fabricated ------------ Nothing Repaired ---------- Nothing Studied --------- None Alien Tech Used ----------------- None Achievements -------------- None Challenges ------------ None Game ------ Seed DataSwarmScrapsphere Manual? 0 Play Time 00:15:43 Cumulative 37.9 hours Start 2025.11.24 @ 19:25:57 End 2025.11.24 @ 19:43:24 Sessions 1 Manual Loads 0 Difficulty Rogue Special Mode None Game No. 30 Rogue 30 Adventurer 0 Explorer 0 Win Type - Total 1 Types 1/0/0/0/0/0/0/0/0/0 Lore% 33 Gallery% 32 Achievement% 29 Wizard Run 0 Options --------- Layout 0 ASCII 0 Keyboard 1 Movement Arrows Keybinds 0 Fullscreen 2 Font 18/SmallcapsGlow Map View 76x50 Zoom Use 0% Tactical HUD 1 Map Filters NONE Filters NONE Steam 1 RUN: d53cd548-7103-4cd0-9059-54a76db2c577